 Dungeon Crawl Stone Soup version 0.28-a0-662-g1651b1f1e0 (webtiles) character file.

Game seed: 6040619619423680555

46 runemasterragnar the Caller (level 3, -11/15 HPs)
             Began as a Felid Summoner on Oct 15, 2021.
             Killed by divine providence
             ... invoked by an orc priest
              (15 damage)
             ... on level 5 of the Dungeon.
             The game lasted 00:12:35 (3178 turns).

runemasterragnar the Caller (Felid Summoner)        Turns: 3178, Time: 00:12:36

Health: -11/15     AC:  1    Str:  5    XL:     3   Next: 46%
Magic:  1/7        EV: 18    Int: 16    God:
Gold:   54         SH:  4    Dex: 16    Spells: 1/7 levels left
                                        Lives:  0   Deaths: 1

rFire   . . .      SeeInvis +   (weapon unavailable)
rCold   . . .      Faith    .   (shield unavailable)
rNeg    . . .      Spirit   .   (armour unavailable)
rPois   .          Reflect  .   (helmet unavailable)
rElec   .          Harm     .   (cloak unavailable)
rCorr   .          Rampage  .   (gloves unavailable)
Will    .....                   (boots unavailable)
Stlth   +++.......              d - amulet of regeneration
HPRegen 1.05/turn               (no ring)
MPRegen 0.10/turn               (no ring)

@: weak-willed, quick
A: very small, claws 1, fangs 3, see invisible, speed 1, shaggy fur 1, stealthy
paws, no weapons or thrown items, no armour, multi-lived, large bone plates 1,
subdued magic 1
a: no special abilities


You were on level 5 of the Dungeon.
You visited 1 branch of the dungeon, and saw 6 of its levels.

You collected 54 gold pieces.

Inventory:

Jewellery
 d - an amulet of regeneration (around neck)


   Skills:
 + Level 1.3 Fighting
 + Level 3.4 Dodging
 + Level 3.8 Stealth
 + Level 2.5 Spellcasting
 * Level 4.7 Summonings


You had one spell level left.
You knew the following spells:

 Your Spells              Type           Power      Damage    Failure   Level
a - Summon Small Mammal   Summ           52%        N/A       1%          1
b - Call Imp              Summ           13%        N/A       3%          2
c - Call Canine Familiar  Summ           13%        N/A       7%          3

Your spell library contained the following spells:

 Spells                   Type           Power      Damage    Failure   Level
 Summon Guardian Golem    Hex/Summ       7%         N/A       19%         3
 Summon Lightning Spire   Summ/Air       7%         N/A       54%         4


Dungeon Overview and Level Annotations

Branches:
Dungeon (6/15)
 Temple: D:4-7

Altars:
Fedhas
Sif Muna

Shops:
D:1 :   D:5 *

Annotations:
D:2 1 runed translucent door, Crazy Yiuf, Natasha, Sigmund
D:3 Robin
D:4 Pikel
D:5 Menkaure


Innate Abilities, Weirdness & Mutations

You have sharp claws.
You have razor-sharp teeth.
You have supernaturally acute eyesight. (SInv)
You cover ground quickly. (Speed+)
You are covered in fur. (AC +1)
Your paws help you pounce on unaware monsters.
You are incapable of wielding weapons or throwing items.
You cannot wear armour.
You gain extra lives every three experience levels.
You are partially covered in large bone plates. (SH +4)
Your spells are a little easier to cast, but a little less powerful.


Message History

Magic quickly surges around you.
It was a scroll of vulnerability.
You block the bullfrog skeleton's attack.
An orc comes into view. It is wielding a +0 club.
As you read the scroll labelled XAQEHI WURAMIWN, it crumbles to dust.
You feel aware of your surroundings.
It was a scroll of magic mapping.
The orc shouts!
The bullfrog skeleton barely misses you.
The bullfrog skeleton completely misses you.
The orc wizard mumbles some strange words.
The orc wizard flickers and vanishes for a moment.
Casting: Summon Small Mammal (safe; 1% risk of failure)
Confirm with . or Enter, or press ? or * to list all spells.
The orc wizard hits you with a +0 dagger.
You scratch the orc wizard but do no damage.
Your bite misses the orc wizard. You block the orc priest's attack.
The orc wizard completely misses you.
You miss the orc wizard. The orc priest barely misses you.
The orc wizard barely misses you.
Your bat closely misses the orc wizard.
The orc wizard gestures at you while chanting.
You resist with significant effort. Something hits your bat.
Your bat hits the orc wizard.
The orc wizard hits your bat with a +0 dagger.
Your bat dies!
Your bat's corpse disappears in a puff of smoke!
You aren't carrying any potions.
You aren't carrying any scrolls.
The orc priest invokes the aid of Beogh against you.
Beogh smites you!
Ouch! That really hurt!
* * * LOW HITPOINT WARNING * * *
The orc wizard points at you and mumbles some strange words.
You resist with significant effort. The orc wizard casts a spell at you.
The magic dart hits you.
* * * LOW HITPOINT WARNING * * *
The orc priest calls down the wrath of Beogh upon you.
Beogh smites you!
Ouch! That really hurt!
You die...

,,,,***,*,,#....≈≈≈....# ##o#
**,,,,,,####...≈≈≈≈≈...####.#
*,,,,**#.....≈≈...≈≈.....#o#
**,**,**#._...≈≈.>.≈≈..o..o.#
,,,**,,,#.....≈≈.o.≈≈oo...###
*******,####...≈≈≈≈≈...#### *
**,*,#....≈≈≈....# **
*,,,##.........## 8**
***,,##..@....## ,,*
*,**###...### ,,* *,* #####*
8** *****,*****,,,,* **
*,,,,,,,,,,,,,,*
,*****,,,,,,,,,,,,,,*
,,,,,,,,,,,,,,,,*****
*****,,,,,,,,,,,*
**,,,,,,,,,,*


You could see an orc priest (weak-willed), 2 orc wizards and an orc
(weak-willed).

Vanquished Creatures
  A ball python (D:2)
  A goblin (D:3)
  A hobgoblin (D:1)
  4 bats
  A frilled lizard (D:2)
  3 rats
11 creatures vanquished.

Vanquished Creatures (collateral kills)
  A gnoll (D:4)
  4 adders
  A worm (D:2)
  An orc (D:4)
  6 bats
  2 endoplasms
  A giant cockroach (D:1)
  4 goblins (D:3)
  2 hobgoblins
  3 jackals (D:3)
  3 kobolds
  2 quokkas
  5 ball pythons
  2 frilled lizards
  3 rats (D:1)
40 creatures vanquished.

Grand Total: 51 creatures vanquished

Notes
Turn   | Place    | Note
-------+----------+-------------------------------------------
     0 | D:1      | runemasterragnar the Felid Summoner began the quest for the
                  | Orb.
     0 | D:1      | Reached XP level 1. HP: 7/7 MP: 4/4
   281 | D:1      | Found Puyleese's Book Shoppe.
   338 | D:1      | Reached XP level 2. HP: 12/12 MP: 3/6
   451 | D:1      | Learned a level 2 spell: Call Imp
  1244 | D:2      | Reached XP level 3. HP: 15/15 MP: 2/7
  1396 | D:2      | Found a runed translucent door.
  1397 | D:2      | Noticed Crazy Yiuf
  1433 | D:2      | Reached skill level 1 in Fighting
  1804 | D:2      | Noticed Natasha
  1983 | D:2      | Noticed Sigmund
  2395 | D:3      | Learned a level 3 spell: Call Canine Familiar
  2435 | D:3      | Reached XP level 4. HP: 17/19 MP: 5/8
  2774 | D:3      | Noticed Robin
  2884 | D:4      | Noticed a lemure
  2884 | D:4      | Noticed an ogre
  2887 | D:4      | Found a blossoming altar of Fedhas.
  2919 | D:4      | Noticed a water moccasin
  2922 | D:4      | Noticed a lemure
  2947 | D:4      | Noticed Pikel
  2949 | D:5      | Entered Level 5 of the Dungeon
  2949 | D:5      | Noticed a vampire mosquito
  2949 | D:5      | Noticed a vampire mosquito
  2956 | D:5      | Slain by a vampire mosquito
  2957 | D:5      | Reached XP level 3. HP: 0/22 MP: 5/7
  2961 | D:5      | Found Nepus's Lightly-Used Armoury.
  2961 | D:5      | Noticed a phantom
  2964 | D:5      | Noticed Menkaure
  2982 | D:5      | Gained mutation: Your spells are a little easier to cast,
                  | but a little less powerful. [potion of mutation]
  2982 | D:5      | Gained mutation: You are partially covered in large bone
                  | plates. (SH +4) [potion of mutation]
  2987 | D:6      | Noticed a steam dragon
  3013 | D:5      | Found a shimmering blue altar of Sif Muna.
  3178 | D:5      | Killed from afar by an orc priest

Illustrated notes

Levels and vault maps discovered:
D:1:      ncdulo_wetmaze, layout_rooms, serial_shops, shop
D:2:      layout_loops_corners, uniq_sigmund, uniq_crazy_yiuf_cottage,
          uniq_natasha
D:3:      layout_loops_cross, uniq_robin
D:4:      layout_cave_pools, nzn_wu_jian_contemplation, general_overflow_altar,
          minmay_temple_entry_crystal_x, kennysheep_generic_room_9, uniq_pikel
D:5:      layout_rooms, tgw_sif, st_stairs_6, minmay_shop_damaged,
          corexii_hall_statues_deadend, minmay_misc_feat_diagonals,
          uniq_menkaure
D:6:      layout_loops_ring, nicolae_overflow_hidden_temple,
          okawaru_altar_gauntlet_db, minivault_24

Skill      XL: |  1  2  3 |
---------------+----------+-----
Stealth        | 3 |  3.8
Dodging        | 3 |  3.4
Fighting       | 1 |  1.3
Spellcasting   | |  2.5
Summonings     | |  4.7

Action                   |  1- 3 |  4- 6 || total
-------------------------+-------+-------++-------
Melee: Unarmed           |    41 |     8 ||    49
       Bite              |     1 |     1 ||     2
 Cast: Summon Small Mamm |    76 |     6 ||    82
       Call Imp          |    30 |     6 ||    36
       Call Canine Famil |     3 |     1 ||     4
  Use: Scroll            |     6 |       ||     6
       Potion            |     5 |     1 ||     6
 Stab: Sleeping          |     5 |       ||     5
Armor: Skin              |     4 |     1 ||     5
Dodge: Dodged            |    58 |    12 ||    70
Block: Other             |     2 |       ||     2

Table legend: (Time is in decaauts)
 A = Elapsed time spent in this place.
 B = Non-inter-level travel time spent in this place.
 C = Inter-level travel time spent in this place.
 D = Time resting spent in this place.
 E = Time spent auto-exploring this place.
 F = Levels seen in this place.
 G = Mean time per level.
                   A        B        C        D        E       F      G
               +--------+--------+--------+--------+--------+-----+--------+
         Total |   2853 |   2853 |      0 |    219 |   1689 |   6 |  475.5 |
       Dungeon |   2853 |   2853 |      0 |    219 |   1689 |   6 |  475.5 |
               +--------+--------+--------+--------+--------+-----+--------+

Top non-repeatable levels by time:
     D:1: 951 daAuts
     D:2: 906 daAuts
     D:3: 739 daAuts
     D:5: 200 daAuts
     D:4: 54 daAuts
     D:6: 1 daAuts
